 Dungeon Crawl Stone Soup version 0.28-a0-1213-g0243856f03 (webtiles) character file.

Game seed: 7452877719802788103

85 Redcow54321 the Ruffian (level 4, 0/38 HPs)
             Began as a Draconian Berserker on Dec 21, 2021.
             Was a Believer of Trog.
             Slain by a gnoll sergeant (5 damage)
             ... on level 3 of the Dungeon.
             The game lasted 00:04:13 (1989 turns).

Redcow54321 the Ruffian (Draconian Berserker)       Turns: 1989, Time: 00:04:13

Health: 0/38       AC:  5    Str: 21    XL:     4   Next: 25%
Magic:  4/4        EV: 12    Int:  8    God:    Trog [**....]
Gold:   35         SH:  0    Dex: 10    Spells: 3/3 levels left

rFire   . . .      SeeInvis .     - Unarmed
rCold   + . .      Faith    .   (no shield)
rNeg    . . .      Spirit   .   (armour unavailable)
rPois   .          Reflect  .   (helmet restricted)
rElec   .          Harm     .   (no cloak)
rCorr   .          Rampage  .   (no gloves)
Will    .....                   (no boots)
Stlth   +.........              (no amulet)
HPRegen 0.12/turn               b - ring of protection from cold
MPRegen 0.09/turn               (no ring)

@: no status effects
A: AC +5, unfitting armour, cold-blooded
a: Renounce Religion, Berserk, Trog's Hand


You were on level 3 of the Dungeon.
You worshipped Trog.
Trog was pleased with you.
You visited 1 branch of the dungeon, and saw 3 of its levels.

You collected 87 gold pieces.
You spent 52 gold pieces at shops.

Inventory:

Jewellery
 b - a ring of protection from cold (left hand)
Scrolls
 f - 3 scrolls of fear {unknown}
 j - a scroll of immolation {unknown}
Potions
 c - 2 potions of degeneration
 d - a potion of might
 e - a potion of invisibility
 g - a potion of curing {unknown}
 h - a potion of heal wounds {unknown}
 i - 2 potions of flight


   Skills:
 - Level 3.2 Fighting
 - Level 2.6 Dodging
 * Level 5.1 Unarmed Combat


You had 3 spell levels left.
You didn't know any spells.
Your spell library was empty.

Dungeon Overview and Level Annotations

Branches:
Dungeon (3/15)

Altars:
Gozag
Okawaru
Vehumet
The Shining One

Shops:
D:3 ?


Innate Abilities, Weirdness & Mutations

Your plain brown scales are hard. (AC +5)
You cannot fit into any form of body armour.
You are cold-blooded and may be slowed by cold attacks.


Message History

The adder closely misses you.
You open the door. The adder bites you but does no damage.
The gnoll sergeant misses you.
There is an open door here.
The adder barely misses you.
A kobold comes into view. It is wielding a +0 short sword.
The kobold shouts!
The kobold throws a stone.
The stone closely misses you.
The kobold throws a stone.
The stone barely misses you. The adder bites you.
Found an opulent altar of Gozag.
The kobold misses you. The adder closely misses you.
You hit the kobold but do no damage.
Your tail-slap misses the kobold.
The adder barely misses you. The gnoll sergeant closely misses you.
The kobold hits you but does no damage.
You hit the adder.
The adder is severely wounded.
The adder bites you.
You are poisoned.
The adder poisons you!
The gnoll sergeant hits you but does no damage.
You closely miss the adder.
The adder is severely wounded.
You feel sick. The adder bites you but does no damage.
The gnoll sergeant barely misses you.
You feel sick. The adder bites you.
You are more poisoned.
The adder poisons you!
You punch the adder!
You kill the adder!
Trog accepts your kill.
You feel sick.
You hit the gnoll but do no damage.
You feel sick. The gnoll hits you with a +0 flail.
* * * LOW HITPOINT WARNING * * *
You feel sick.
You feel sick.
You feel sick.
You are no longer poisoned.
The gnoll sergeant hits you from afar with a +0 spear.
You die...

##. .... #..###.###
#.##.....##
##.#.8...8.# #
##########..#.......#.#
#...#.......g†.._.....#
#...#.......#Kg.g...###
#...#.......#.8...8.#
'...'......###..@..##
#...#.....## ###.###
#.........+ ..#
#.........# ####
#....∩....#
####......###
...........>#
.....######.# ...###
####.#


You could see a gnoll sergeant, 2 gnolls and a kobold.

Vanquished Creatures
  3 adders
  A gnoll (D:3)
  A worm (D:2)
  6 bats
  2 endoplasms (D:2)
  4 giant cockroaches
  3 goblins
  6 hobgoblins
  2 jackals (D:2)
  6 ball pythons
  A frilled lizard (D:2)
  5 kobolds
  6 rats
46 creatures vanquished.

Notes
Turn   | Place    | Note
-------+----------+-------------------------------------------
     0 | D:1      | Redcow54321 the Draconian Berserker began the quest for the
                  | Orb.
     0 | D:1      | Reached XP level 1. HP: 19/19 MP: 1/1
   201 | D:1      | Reached XP level 2. HP: 24/26 MP: 2/2
   468 | D:1      | Reached skill level 4 in Unarmed Combat
   625 | D:2      | Reached ** piety under Trog
   648 | D:2      | Reached XP level 3. HP: 14/31 MP: 3/3
   858 | D:2      | Found a faded altar of an unknown god.
  1618 | D:3      | Found a radiant altar of Vehumet.
  1722 | D:3      | Found Ytuimojo's Magic Scroll Shoppe.
  1737 | D:3      | Found a glowing golden altar of the Shining One.
  1743 | D:3      | Reached skill level 5 in Unarmed Combat
  1743 | D:3      | Reached XP level 4. HP: 38/38 MP: 4/4
  1780 | D:3      | Found an iron altar of Okawaru.
  1869 | D:3      | Bought a scroll of identify for 26 gold pieces
  1869 | D:3      | Bought a scroll of identify for 26 gold pieces
  1942 | D:3      | Noticed a gnoll sergeant
  1977 | D:3      | Found an opulent altar of Gozag.
  1989 | D:3      | Slain by a gnoll sergeant

Illustrated notes

Levels and vault maps discovered:
D:1:      dpeg_arrival_short_road, layout_rooms, minmay_misc_feat_columns
D:2:      layout_loops_cross, ebering_ecumenical_altar_petrified
D:3:      layout_basic, tso_oasis_becter, okawaru_metal_pillars_1_2,
          mainiacjoe_overflow_cross_hatched, grunt_gozag_statues, serial_shops,
          shop

Skill      XL: |  1  2  3 |
---------------+----------+-----
Unarmed Combat | 4 5 |  5.1
Fighting       | |  3.2
Dodging        | |  2.6

Action                   |  1- 3 |  4- 6 || total
-------------------------+-------+-------++-------
Melee: Unarmed           |   141 |    15 ||   156
       Tailslap          |    13 |     1 ||    14
       Punch             |     3 |       ||     3
  Use: Scroll            |       |     4 ||     4
Armor: Skin              |    57 |     6 ||    63
Dodge: Dodged            |   116 |    20 ||   136

Table legend: (Time is in decaauts)
 A = Elapsed time spent in this place.
 B = Non-inter-level travel time spent in this place.
 C = Inter-level travel time spent in this place.
 D = Time resting spent in this place.
 E = Time spent auto-exploring this place.
 F = Levels seen in this place.
 G = Mean time per level.
                   A        B        C        D        E       F      G
               +--------+--------+--------+--------+--------+-----+--------+
         Total |   1977 |   1935 |     42 |      0 |   1549 |   3 |  659.0 |
       Dungeon |   1977 |   1935 |     42 |      0 |   1549 |   3 |  659.0 |
               +--------+--------+--------+--------+--------+-----+--------+

Top non-repeatable levels by time:
     D:2: 984 daAuts
     D:1: 609 daAuts
     D:3: 383 daAuts
